 Dungeon Crawl Stone Soup version 0.31-a0-496-g6f97920a28 (webtiles) character file.

Game seed: 9668338211462020004

361 CraigForest the Shooter (level 6, -12/51 HPs)
             Began as a Minotaur Hunter on Aug 8, 2023.
             Was a Believer of Makhleb.
             Mangled by Edmund
             ... wielding a +5 flail of protection
              (17 damage)
             ... on level 4 of the Dungeon.
             The game lasted 00:06:52 (2721 turns).

CraigForest the Shooter (Minotaur Hunter)           Turns: 2721, Time: 00:06:55

Health: -12/51     AC:  5    Str: 16    XL:     6   Next: 38%
Magic:  5/5        EV: 11    Int:  6    God:    Makhleb [**....]
Gold:   108        SH:  0    Dex: 15    Spells: 5/5 levels left

rFire   . . .        u - +0 long sword
rCold   . . .        (no shield)
rNeg    . . .        g - +0 ring mail
rPois   .            (helmet restricted)
rElec   .            (no cloak)
rCorr   .            (no gloves)
SInv    .            (no boots)
Will    .....        (no amulet)
Stlth   +            (no ring)
HPRegen 0.28/turn    (no ring)
MPRegen 0.09/turn

%: no passive effects
@: no status effects
A: horns 2, retaliatory headbutt
a: Renounce Religion, Minor Destruction


You were on level 4 of the Dungeon.
You worshipped Makhleb.
Makhleb was pleased with you.
You visited 1 branch of the dungeon, and saw 4 of its levels.

You collected 108 gold pieces.

Inventory:

Hand Weapons
 a - a +0 shortbow
 r - a +0 falchion
 s - a +0 sling
 t - a +0 halberd
 u - a +0 long sword (weapon)
Armour
 c - a +0 leather armour
 e - a +0 chain mail
 g - a +0 ring mail (worn)
Jewellery
 m - an amulet of guardian spirit
Wands
 i - a wand of light (8)
 n - a wand of charming (9)
Scrolls
 b - a scroll of butterflies
 h - a scroll of brand weapon {unknown}
 l - 2 scrolls of teleportation {unknown}
 p - a scroll of identify {unknown}
 q - a scroll of amnesia {unknown}
Potions
 d - a potion of mutation {unknown}
 f - a potion of brilliance {unknown}
 j - a potion of lignification {unknown}
 k - a potion of invisibility {unknown}
 o - 3 potions of haste {unknown}


   Skills:
 + Level 3.6 Fighting
 + Level 7.4 Ranged Weapons
 + Level 2.4 Armour
 + Level 2.8 Dodging
 + Level 0.9 Stealth


You had 5 spell levels left.
You didn't know any spells.
Your spell library contained the following spells:

 Spells                   Type           Power      Damage    Failure   Level
 Kiss of Death            Conj/Necr      0%         2d5       67%         1
 Momentum Strike          Conj/Tloc      0%         3d8       80%         2
 Leda's Liquefaction      Hex/Erth       0%         N/A       100%        4
 Fireball                 Conj/Fire      0%         3d3       100%        5
 Yara's Violent Unravell  Hex/Tmut       0%         3d3       100%        5


Dungeon Overview and Level Annotations

Branches:
Dungeon (4/15)
 Temple: D:4-7

Altars:
Makhleb

Annotations:
D:4 Edmund


Innate Abilities, Weirdness & Mutations

You have a pair of horns on your head.
You reflexively headbutt those who attack you in melee.


Message History

You are too injured to fight recklessly!
You are too injured to fight recklessly!
You are too injured to fight recklessly!
You are too injured to fight recklessly!
You are too injured to fight recklessly!
You are too injured to fight recklessly!
You are too injured to fight recklessly!
The iguana attacks as you move away! The iguana bites you!
* * * LOW HITPOINT WARNING * * *
The iguana attacks as you move away! The iguana barely misses you.
Edmund attacks as you move away! Edmund closely misses you.
Edmund says, "I'm quite good with sums, too."
The iguana attacks as you move away! The iguana bites you.
* * * LOW HITPOINT WARNING * * *
The iguana attacks as you move away! The iguana barely misses you.
You furiously retaliate!
You headbutt the iguana.
A dart slug comes into view.
The iguana attacks as you move away! The iguana barely misses you.
Found 13 gold pieces.
Found 3 stones.
The dart slug closely misses you. The iguana attacks as you move away!
The iguana bites you but does no damage.
The iguana attacks as you move away! The iguana closely misses you.
You furiously retaliate!
You headbutt the iguana! The iguana attacks as you move away!
The iguana barely misses you. You furiously retaliate!
You headbutt the iguana!
You kill the iguana!
Makhleb accepts your kill.
You feel better. The dart slug launches a dart at you. The slug dart hits you.
* * * LOW HITPOINT WARNING * * *
You start putting on your amulet.
You continue putting on your amulet of guardian spirit.
The dart slug launches a dart at you. The slug dart hits you.
* * * LOW HITPOINT WARNING * * *
You continue putting on your amulet of guardian spirit. x2
Edmund hits you with a +5 flail of protection!
You die...

##....## ##......#
##.......##
##.........# ..#
##.......(.#
##..##.........#
#.............#
.........$.@.# ##.
#.......w.@##
....##.......†.##
...#..........# ..
.............## ...
#...#........#
...##..##........#
..#.#.......##....#
....##....#####.....


You could see Edmund and a dart slug.

Vanquished Creatures
  Sigmund (D:3)
  An iguana (D:4)
  Terence (D:3)
  Robin (D:3)
  4 gnolls (D:3)
  3 adders
  4 dart slugs
  5 ball pythons
  4 bats
  3 endoplasms
  2 giant cockroaches
  17 goblins
  7 hobgoblins
  3 jackals (D:3)
  2 kobolds (D:1)
  A quokka (D:2)
  4 frilled lizards
  3 rats
66 creatures vanquished.

Notes
Turn   | Place    | Note
-------+----------+-------------------------------------------
     0 | D:1      | CraigForest the Minotaur Hunter began the quest for the
                  | Orb.
     0 | D:1      | Reached XP level 1. HP: 18/18 MP: 0/0
    65 | D:1      | Reached XP level 2. HP: 20/25 MP: 1/1
   251 | D:1      | Reached skill level 5 in Ranged Weapons
   666 | D:2      | Reached XP level 3. HP: 16/30 MP: 2/2
  1123 | D:2      | Found a faded altar of an unknown god.
  1232 | D:2      | Prayed at the altar of an unknown god.
  1232 | D:2      | Became a worshipper of Makhleb the Destroyer
  1232 | D:2      | Reached * piety under Makhleb
  1687 | D:3      | Reached XP level 4. HP: 32/37 MP: 3/3
  1734 | D:3      | Reached skill level 6 in Ranged Weapons
  1740 | D:3      | Noticed Terence
  1748 | D:3      | Killed Terence
  1749 | D:3      | Reached skill level 1 in Armour
  1830 | D:3      | Noticed Robin
  1848 | D:3      | Reached ** piety under Makhleb
  1865 | D:3      | Killed Robin
  2048 | D:3      | Noticed Sigmund
  2062 | D:3      | Killed Sigmund
  2063 | D:3      | Reached skill level 7 in Ranged Weapons
  2063 | D:3      | Reached XP level 5. HP: 28/45 MP: 4/4
  2063 | D:3      | Reached XP level 6. HP: 32/51 MP: 5/5
  2327 | D:3      | Got the Spellbook of Blasted Curses
  2695 | D:4      | Noticed Edmund
  2721 | D:4      | Mangled by Edmund

Illustrated notes

Levels and vault maps discovered:
D:1:      roderic_crop_circles_arrival_small, layout_basic
D:2:      layout_loops_ring, serial_rivers, chequers_serial_rivers_micro_a,
          chequers_serial_rivers_large_a, chequers_serial_rivers_micro_a,
          chequers_serial_rivers_micro_c, chequers_serial_rivers_small_a,
          chequers_serial_rivers_small_b, dilly_ecumenical_altar_fadedgnrine
D:3:      layout_loops_ring, kennysheep_small_spiral, uniq_terence, uniq_robin,
          uniq_sigmund
D:4:      layout_layer_cave, mainiacjoe_overflow_paths,
          makhleb_altar_promises_db, uniq_edmund

Skill      XL: |  1  2  3  4 |
---------------+-------------+-----
Ranged Weapons | 5 7 |  7.4
Armour         | 2 |  2.4
Fighting       | 3 |  3.6
Dodging        | |  2.8
Stealth        | |  0.9

Action                     |  1- 3 |  4- 6 || total
---------------------------+-------+-------++-------
  Melee: Long sword        |       |     3 ||     3
   Fire: Shortbow          |   122 |    81 ||   203
 Armour: Leather armour    |     4 |       ||     4
         Ring mail         |    14 |    20 ||    34
  Dodge: Dodged            |    32 |    44 ||    76

Table legend: (Time is in decaauts)
 A = Elapsed time spent in this place.
 B = Non-inter-level travel time spent in this place.
 C = Inter-level travel time spent in this place.
 D = Time resting spent in this place.
 E = Time spent auto-exploring this place.
 F = Levels seen in this place.
 G = Mean time per level.
                   A        B        C        D        E       F      G
               +--------+--------+--------+--------+--------+-----+--------+
         Total |   2773 |   2677 |     96 |      0 |   2206 |   4 |  693.2 |
       Dungeon |   2773 |   2677 |     96 |      0 |   2206 |   4 |  693.2 |
               +--------+--------+--------+--------+--------+-----+--------+

Top non-repeatable levels by time:
     D:3: 1137 daAuts
     D:2: 1033 daAuts
     D:1: 511 daAuts
     D:4: 91 daAuts
